 Dungeon Crawl Stone Soup version 0.31-a0-145-g046c7d2549 (webtiles) character file.

Game seed: 7865249096938110290

1555 Midn8 the Pious (level 8, -4/54 HPs)
             Began as an Octopode Reaver on June 6, 2023.
             Was a Believer of Zin.
             Slain by a gnoll sergeant
             ... wielding a +0 trident
              (10 damage)
             ... on level 5 of the Dungeon.
             The game lasted 00:16:22 (4338 turns).

Midn8 the Pious (Octopode Reaver)                   Turns: 4338, Time: 00:16:23

Health: -4/54      AC:  1    Str: 11    XL:     8   Next: 88%
Magic:  14/14      EV: 14    Int: 17    God:    Zin [**....]
Gold:   62         SH:  0    Dex: 11    Spells: 9/15 levels left

rFire   . . .        c - +1 short sword (venom)
rCold   . . .        (no shield)
rNeg    . . .        (helmet restricted)
rPois   .            m - amulet of regeneration
rElec   .            q - ring of flight
rCorr   .            (no ring)
SInv    .            (no ring)
Will    .....        (no ring)
Stlth   +            (no ring)
HPRegen 1.09/turn    (no ring)
MPRegen 0.14/turn    (no ring)
                     (no ring)

%: no passive effects
@: lit by a corona, on recite cooldown, flying, glowing
A: almost no armour, amphibious, 8 rings, camouflage 1, gelatinous body 1,
(nimble swimmer 1), tentacles
a: Renounce Religion, Recite, Vitalisation, Donate Gold


You were on level 5 of the Dungeon.
You worshipped Zin.
Zin was pleased with you.
You visited 1 branch of the dungeon, and saw 6 of its levels.

You collected 256 gold pieces.
You spent 169 gold pieces at shops.
You donated 25 gold pieces to Zin.

Inventory:

Hand Weapons
 a - a +0 short sword
 c - a +1 short sword of venom (weapon)
 p - a +1 dagger of holy wrath
Missiles
 r - 7 boomerangs
Armour
 h - an orb of light
Jewellery
 m - an amulet of regeneration (around mantle)
 q - a ring of flight (left tentacle)
Wands
 n - a wand of roots (9)
 o - a wand of mindburst (13) (quivered)
Scrolls
 i - 2 scrolls of fear
 s - 2 scrolls of magic mapping {unknown}
Potions
 b - 2 potions of degeneration
 d - 3 potions of curing
 f - 2 potions of might
 g - 2 potions of enlightenment
 j - 3 potions of heal wounds
 k - a potion of cancellation {unknown}
 l - a potion of attraction {unknown}
 u - 3 potions of brilliance {unknown}


   Skills:
 - Level 4.0 Fighting
 - Level 4.0 Short Blades
 - Level 5.0 Dodging
 - Level 4.0 Spellcasting
 - Level 5.0 Conjurations
 - Level 2.0 Translocations
 - Level 3.0 Ice Magic
 + Level 5.6 Invocations


You had 9 spell levels left.
You knew the following spells:

 Your Spells              Type           Power      Damage    Failure   Level
a - Kiss of Death         Conj/Necr      44%        2d8       5%          1
h - Hailstorm             Conj/Ice       17%        3d6       9%          3
s - Momentum Strike       Conj/Tloc      30%        3d8       5%          2

Your spell library contained the following spells:

 Spells                   Type           Power      Damage    Failure   Level
 Apportation              Tloc           20%        N/A       7%          1
 Alistair's Intoxication  Tmut/Pois      2%         N/A       99%         5


Dungeon Overview and Level Annotations

Branches:
Dungeon (6/15)             Temple (0/1) D:5

Altars:
Nemelex Xobeh
Qazlal
Vehumet
Zin

Shops:
D:4 !

Annotations:
D:5 Dowan, Duvessa


Innate Abilities, Weirdness & Mutations

You cannot wear most types of armour.
You are amphibious.
You can wear up to eight rings at the same time.
Your skin changes colour to match your surroundings (Stealth+).
Your rubbery body absorbs attacks. (AC +1, EV +1)
((You are camouflaged when in or above water. (Stealth+)))
You have tentacles for arms and can constrict up to eight enemies at once.


Message History

You hear a shout!
Duvessa is lost in a daze.
The hound skeleton bites you.
You barely miss the hound skeleton. Your grab misses the hound skeleton.
You squeeze the hound skeleton.
The hound skeleton is severely damaged.
Dowan is no longer dazed.
Duvessa hits you with a +0 short sword! The hound skeleton bites you.
You closely miss the hound skeleton. You grab the hound skeleton.
The hound skeleton is severely damaged.
You constrict the hound skeleton, but do no damage.
The hound skeleton bites you. Duvessa misses you.
You hit the hound skeleton. Your squeeze misses the hound skeleton.
The hound skeleton is severely damaged.
You constrict the hound skeleton.
Duvessa is no longer dazed.
The hound skeleton closely misses you.
You hit the hound skeleton.
The hound skeleton is almost destroyed.
You constrict the hound skeleton. Duvessa hits you with a +0 short sword!
The hound skeleton closely misses you.
You hit the hound skeleton.
The hound skeleton is almost destroyed.
You constrict the hound skeleton.
You destroy the hound skeleton!
Zin accepts your kill. Duvessa hits you with a +0 short sword!
Duvessa attacks as you move away! Duvessa closely misses you.
A gnoll comes into view. It is wielding a +0 spear.
The gnoll shouts!
Duvessa says, "My weaknesses are his strengths!"
A gnoll sergeant comes into view. It is wielding a +0 trident.
A gnoll comes into view. It is wielding a +0 spear.
Duvessa attacks as you move away! Duvessa hits you with a +0 short sword!
The gnoll hits you from afar with a +0 spear.
* * * LOW HITPOINT WARNING * * *
The gnoll sergeant hits you from afar with a +0 trident.
* * * LOW HITPOINT WARNING * * *
The gnoll hits you with a +0 spear!
* * * LOW HITPOINT WARNING * * *
The gnoll sergeant hits you from afar with a +0 trident!
You die...

#.# .# .#5.#.##
#.##'#'##.##.#
#.#)...⌠#{#..#
#.'..o.8#...##
#.#....⌠#.##
#.#######.#
#.e..gg.g.#
####e)#.### #.#
##@..# #.. ###.#
### #.###########
# #...........# #
##############.#
# #...§.# #.# #
##.§§§§# ######.#
#
#.§§§§§###......#
#...§§§.......###


You could see Duvessa, a gnoll sergeant, Dowan (resistant) and 2 gnolls.

Vanquished Creatures
  Grinder (D:3)
  An ice beast (D:4)
  A sky beast (D:3)
  A black bear (D:4)
  A centaur (D:4)
  2 scorpions
  A wyvern zombie (D:5)
  A water moccasin zombie (D:5)
  2 bullfrog zombies (D:5)
  4 hounds
  3 orc priests
  2 jellies
  Ijyb (D:3)
  3 orc wizards
  Natasha (thrice) (D:3)
  A hound zombie (D:5)
  2 hound skeletons (D:5)
  Robin (D:4)
  7 gnolls
  3 adders
  2 ufetubi (D:5)
  2 adder zombies (D:5)
  2 worms
  2 dart slugs
  12 orcs
  5 ball pythons
  3 bats
  5 endoplasms
  5 giant cockroaches
  7 hobgoblins
  6 kobolds
  2 quokkas
  2 frilled lizards
  11 goblins
  3 rats
110 creatures vanquished.

Notes
Turn   | Place    | Note
-------+----------+-------------------------------------------
     0 | D:1      | Midn8 the Octopode Reaver began the quest for the Orb.
     0 | D:1      | Reached XP level 1. HP: 14/14 MP: 3/3
    79 | D:1      | Reached XP level 2. HP: 17/19 MP: 5/5
   795 | D:2      | Reached XP level 3. HP: 24/24 MP: 7/7
  1596 | D:3      | Found a stormy altar of Qazlal.
  1596 | D:3      | Noticed a sky beast
  1611 | D:3      | Learned a level 2 spell: Momentum Strike
  1619 | D:3      | Found a glowing silver altar of Zin.
  1622 | D:3      | Became a worshipper of Zin the Law-Giver
  1622 | D:3      | Reached * piety under Zin
  1712 | D:3      | Noticed Natasha
  1721 | D:3      | Killed Natasha
  1722 | D:3      | Reached XP level 4. HP: 20/29 MP: 5/8
  1802 | D:3      | Noticed Natasha
  1810 | D:3      | Killed Natasha
  1811 | D:3      | Reached skill level 1 in Invocations
  1843 | D:3      | Noticed Natasha
  1847 | D:3      | Killed Natasha
  1848 | D:3      | Reached XP level 5. HP: 29/34 MP: 6/9
  1917 | D:3      | Killed a sky beast
  1978 | D:3      | Noticed Grinder
  1999 | D:3      | Killed Grinder
  2000 | D:3      | Reached skill level 5 in Conjurations
  2000 | D:3      | Reached XP level 6. HP: 39/39 MP: 7/12
  2098 | D:3      | Noticed Ijyb
  2108 | D:3      | Killed Ijyb
  2109 | D:3      | Reached XP level 7. HP: 40/45 MP: 10/13
  2122 | D:3      | Found a sparkling altar of Nemelex Xobeh.
  2412 | D:4      | Learned a level 3 spell: Hailstorm
  2546 | D:4      | Reached skill level 1 in Translocations
  2571 | D:4      | Noticed Robin
  2586 | D:4      | Killed Robin
  2627 | D:4      | Found Okaiwkie's Distillery.
  2635 | D:4      | Bought a potion of heal wounds for 65 gold pieces
  2635 | D:4      | Bought a potion of heal wounds for 65 gold pieces
  2635 | D:4      | Bought a potion of curing for 39 gold pieces
  2712 | D:4      | Identified the +6 hand axe "Mauweh" {pain, Dex+3}
  3129 | D:4      | Reached XP level 8. HP: 50/50 MP: 5/14
  3330 | D:5      | Entered Level 5 of the Dungeon
  3337 | D:4      | Reached skill level 5 in Dodging
  3337 | D:4      | Reached skill level 1 in Ice Magic
  3371 | D:5      | Reached ** piety under Zin
  3916 | D:5      | Found a staircase to the Ecumenical Temple.
  3918 | D:5      | Found a radiant altar of Vehumet.
  4135 | D:5      | You are sucked into a shaft and drop 1 floor!
  4220 | D:5      | Reached skill level 5 in Invocations
  4325 | D:5      | Noticed Duvessa
  4325 | D:5      | Noticed Dowan
  4338 | D:5      | Slain by a gnoll sergeant

Illustrated notes

Levels and vault maps discovered:
D:1:      ldierk_walled_garden_2, layout_rooms, minmay_stone_trees_small
D:2:      layout_basic, minmay_tromino_mix6
D:3:      layout_loops_ring, nicolae_qazlal_beasts_of_the_sky,
          mainiacjoe_overflow_swirl, uniq_grinder, uniq_ijyb, uniq_natasha
D:4:      layout_basic, serial_shops, shop, kennysheep_generic_room_4,
          uniq_robin
D:5:      dreamdust_elfheim, layout_loops_ring, vehumet_crystals,
          minmay_temple_entry_statues, serial_undead, serial_undead_a,
          serial_undead_a, serial_undead_b, serial_undead_d
D:6:      layout_cave_pods, minmay_fire_ice_demons, uniq_duvessa

Skill      XL: |  1  2  3  4  5  6  7  8 |
---------------+-------------------------+-----
Spellcasting   | 3 4 |  4.0
Conjurations   | 4 5 |  5.0
Invocations    | 2 4 5 |  5.6
Short Blades   | 4 |  4.0
Translocations | 2 |  2.0
Dodging        | 4 5 |  5.0
Ice Magic      | 3 |  3.0
Fighting       | 4 |  4.0

Action                     |  1- 3 |  4- 6 |  7- 9 || total
---------------------------+-------+-------+-------++-------
  Melee: Short sword       |    67 |    36 |   136 ||   239
         Constrict         |    21 |     6 |    32 ||    59
         Tentacles         |    14 |     6 |    34 ||    54
         Punch             |     2 |       |     2 ||     4
   Cast: Momentum Strike   |     1 |     6 |    26 ||    33
         Hailstorm         |       |       |     7 ||     7
 Invoke: Recite            |       |     1 |    10 ||    11
    Use: Scroll            |     3 |       |    10 ||    13
   Stab: Sleeping          |     8 |     1 |     3 ||    12
         Distracted        |       |       |     1 ||     1
         Confused          |       |       |     1 ||     1
 Armour: Skin              |     2 |     2 |     8 ||    12
  Dodge: Dodged            |    22 |    12 |    99 ||   133

Table legend: (Time is in decaauts)
 A = Elapsed time spent in this place.
 B = Non-inter-level travel time spent in this place.
 C = Inter-level travel time spent in this place.
 D = Time resting spent in this place.
 E = Time spent auto-exploring this place.
 F = Levels seen in this place.
 G = Mean time per level.
                   A        B        C        D        E       F      G
               +--------+--------+--------+--------+--------+-----+--------+
         Total |   4302 |   4069 |    233 |    635 |   2421 |   6 |  717.0 |
       Dungeon |   4302 |   4069 |    233 |    635 |   2421 |   6 |  717.0 |
               +--------+--------+--------+--------+--------+-----+--------+

Top non-repeatable levels by time:
     D:4: 1102 daAuts
     D:2: 944 daAuts
     D:3: 876 daAuts
     D:5: 802 daAuts
     D:1: 525 daAuts
     D:6: 51 daAuts
